 Dungeon Crawl Stone Soup version 0.29.0-5-ge4962eb29e (webtiles) character file.

Game seed: 11019132256567084585

345 Iusername the Covered (level 6, 0/53 HPs)
             Began as a Minotaur Fighter on Aug 29, 2022.
             Slain by a jelly (3 damage)
             ... on level 4 of the Dungeon.
             The game lasted 00:05:49 (4809 turns).

Iusername the Covered (Minotaur Fighter)            Turns: 4809, Time: 00:05:50

Health: 0/53       AC:  9    Str: 22    XL:     6   Next: 32%
Magic:  5/5        EV:  6    Int:  5    God:
Gold:   178        SH:  4    Dex: 10    Spells: 5/5 levels left

rFire   . . .      SeeInvis .   a - +0 long sword
rCold   . . .      Faith    .   c - +0 buckler
rNeg    . . .      Spirit   .   u - +0 plate armour
rPois   .          Reflect  .   (helmet restricted)
rElec   .          Harm     .   (no cloak)
rCorr   .          Rampage  .   o - +0 pair of gloves
Will    .....                   (no boots)
Stlth   ..........              (no amulet)
HPRegen 0.17/turn               (no ring)
MPRegen 0.09/turn               (no ring)

@: corroded
A: horns 2, retaliatory headbutt
a: no special abilities


You were on level 4 of the Dungeon.
You visited 1 branch of the dungeon, and saw 5 of its levels.

You collected 178 gold pieces.

Inventory:

Hand Weapons
 a - a +0 long sword (weapon)
Missiles
 s - 5 javelins (quivered)
Armour
 b - a +0 scale mail
 c - a +0 buckler (worn)
 o - a +0 pair of gloves (worn)
 u - a +0 plate armour (worn)
Wands
 t - a wand of flame (21)
Scrolls
 f - 7 scrolls of identify {unknown}
 g - a scroll of teleportation {unknown}
 h - 2 scrolls of enchant weapon {unknown}
 i - a scroll of enchant armour {unknown}
 j - a scroll of immolation {unknown}
 l - a scroll of torment {unknown}
 n - a scroll of amnesia {unknown}
 q - 3 scrolls of butterflies {unknown}
 v - a scroll of blinking {unknown}
Potions
 d - a potion of might
 e - 3 potions of haste {unknown}
 k - a potion of berserk rage {unknown}
 m - 2 potions of curing {unknown}
 p - 3 potions of flight {unknown}
 r - a potion of mutation {unknown}
 w - 2 potions of cancellation {unknown}


   Skills:
 + Level 4.5 Fighting
 + Level 4.9 Long Blades
 + Level 1.8 Throwing
 + Level 5.3 Armour
 + Level 1.1 Dodging
 + Level 0.3 Stealth
 + Level 4.6 Shields


You had 5 spell levels left.
You didn't know any spells.
Your spell library contained the following spells:

 Spells                   Type           Power      Damage    Failure   Level
 Slow                     Hex            0%         N/A       100%        1
 Blink                    Tloc           0%         N/A       100%        2
 Ensorcelled Hibernation  Hex/Ice        0%         N/A       100%        2
 Passwall                 Tmut/Erth      0%         N/A       100%        2
 Confusing Touch          Hex            0%         N/A       100%        3
 Lesser Beckoning         Tloc           0%         N/A       100%        3
 Swiftness                Air            0%         N/A       100%        3
 Vampiric Draining        Necr           0%         2d6       100%        3
 Manifold Assault         Tloc           0%         N/A       100%        5


Dungeon Overview and Level Annotations

Branches:
Dungeon (5/15)
 Temple: D:4-7

Altars:
Trog
Vehumet


Innate Abilities, Weirdness & Mutations

You have a pair of horns on your head.
You reflexively headbutt those who attack you in melee.


Message History

The ice beast is moderately wounded.
The jelly hits you but does no damage.
The ice beast hits you but does no damage.
A gnoll comes into view. It is wielding a +0 halberd.
You hit the ice beast.
The ice beast is heavily wounded.
The jelly hits you but does no damage. The ice beast barely misses you.
The jelly barely misses you. You furiously retaliate!
You headbutt the jelly. The gnoll hits you with a +0 flail.
The ice beast hits you. The ice beast freezes you!
You barely miss the ice beast.
The ice beast is heavily wounded.
The gnoll barely misses you.
The ice beast hits you but does no damage.
The jelly barely misses you.
You hit the ice beast. Your headbutt misses the ice beast.
The ice beast is severely wounded.
The jelly barely misses you. You furiously retaliate!
You headbutt the jelly. The ice beast hits you. The ice beast freezes you!
* * * LOW HITPOINT WARNING * * *
The gnoll barely misses you.
You hit the ice beast but do no damage. You headbutt the ice beast.
The ice beast is almost dead.
The jelly hits you but does no damage.
The ice beast hits you but does no damage.
You block the gnoll's attack. The jelly hits you but does no damage.
The gnoll closely misses you. The ice beast barely misses you.
The gnoll barely misses you.
You can't go down here!
The ice beast hits you but does no damage.
The gnoll hits you from afar with a +0 halberd!
* * * LOW HITPOINT WARNING * * *
The jelly hits you but does no damage. The gnoll hits you but does no damage.
You climb upwards.
There is a stone staircase leading down here.
You hit the jelly. The acid corrodes you!
Your hands burn!
* * * LOW HITPOINT WARNING * * *
The jelly is heavily wounded.
You block the ice beast's attack. The jelly hits you.
You die...

#.### #.......#
####.########.. #.#
#.......# ###...##
#.. #.# #########
#...#..## #.. #.#
#...#.))# #.. #.#
######## #.#####.#
#.. #.# #......#
#...#...# ##.
#.#####.####.#
#...#..)# #.
#.......#
#.####.......# #.
#########
#.J@Yg.......#######
######..#.##.##.....
#.<#.##.##.##..
#..........##..
####.##.##.##..
#.##.##.#...
#.##......#.
###.#####.#...
#.....###.#...


You could see an ice beast, a jelly and a gnoll.

Vanquished Creatures
  A black bear (D:4)
  An ogre (D:4)
  An orc wizard (D:3)
  4 adders
  2 worms (D:3)
  2 dart slugs
  4 orcs
  9 ball pythons
  3 bats
  9 endoplasms
  5 giant cockroaches
  11 hobgoblins
  3 jackals (D:1)
  6 kobolds
  4 quokkas
  4 frilled lizards
  15 goblins
  A hobgoblin zombie (D:4)
  7 rats
92 creatures vanquished.

Notes
Turn   | Place    | Note
-------+----------+-------------------------------------------
     0 | D:1      | Iusername the Minotaur Fighter began the quest for the Orb.
     0 | D:1      | Reached XP level 1. HP: 19/19 MP: 0/0
   730 | D:1      | Reached XP level 2. HP: 15/27 MP: 1/1
   763 | D:1      | Reached skill level 4 in Armour
  1560 | D:2      | Reached XP level 3. HP: 33/33 MP: 2/2
  1578 | D:2      | Found a radiant altar of Vehumet.
  1996 | D:2      | Identified the +7 dagger "Esmabb" {flame, rElec rN+ Int+2}
  2108 | D:2      | Found a faded altar of an unknown god.
  2322 | D:2      | Reached XP level 4. HP: 40/40 MP: 3/3
  3265 | D:3      | Noticed a moth of wrath
  3269 | D:3      | Found a bloodstained altar of Trog.
  3912 | D:3      | Reached XP level 5. HP: 42/46 MP: 4/4
  4312 | D:4      | Found a sand-covered staircase.
  4561 | D:4      | Noticed a black bear
  4566 | D:4      | Killed a black bear
  4567 | D:4      | Reached skill level 1 in Throwing
  4567 | D:4      | Reached skill level 5 in Armour
  4567 | D:4      | Reached skill level 1 in Dodging
  4586 | D:4      | Noticed an ogre
  4590 | D:4      | Killed an ogre
  4591 | D:4      | Reached XP level 6. HP: 53/53 MP: 5/5
  4791 | D:5      | Entered Level 5 of the Dungeon
  4791 | D:5      | Noticed an ice beast
  4809 | D:4      | Slain by a jelly

Illustrated notes

Levels and vault maps discovered:
D:1:      denvon_arrival_waterhouse, layout_rooms, grunt_decor_one_mirror
D:2:      layout_loops_ring, chequers_ecumenical_altar_island, basic_altar
D:3:      layout_basic, tgw_trog
D:4:      layout_loops_cross, enter_ossuary_3
D:5:      layout_cave_pools, minmay_temple_entry_gardened_gates,
          uniq_prince_ribbit1

Skill      XL: |  1  2  3  4  5 |
---------------+----------------+-----
Shields        | 4 |  4.6
Armour         | 4 5 |  5.3
Long Blades    | 3 4 |  4.9
Fighting       | 4 |  4.5
Throwing       | 1 |  1.8
Dodging        | 1 |  1.1
Stealth        | |  0.3

Action                   |  1- 3 |  4- 6 || total
-------------------------+-------+-------++-------
Melee: Long sword        |   102 |    87 ||   189
       Headbutt          |    14 |    15 ||    29
Throw: Javelin           |       |    23 ||    23
Armor: Scale mail        |    53 |    35 ||    88
       Plate armour      |       |    33 ||    33
Dodge: Dodged            |    49 |    46 ||    95
Block: Buckler           |    32 |    23 ||    55
